 Dungeon Crawl Stone Soup version 0.30-a0-134-gb40fab5c76 (webtiles) character file.

Game seed: 8279832826263669841

501 ytrimaz the Trooper (level 6, -1/52 HPs)
             Began as a Demonspawn Gladiator on Sept 19, 2022.
             Killed by divine providence
             ... invoked by an orc priest
              (16 damage)
             ... on level 5 of the Dungeon.
             The game lasted 00:05:12 (3832 turns).

ytrimaz the Trooper (Demonspawn Gladiator)          Turns: 3832, Time: 00:05:13

Health: -1/52      AC:  4    Str: 17    XL:     6   Next: 95%
Magic:  6/6        EV: 12    Int:  9    God:
Gold:   199        SH:  0    Dex: 14    Spells: 5/5 levels left

rFire   . . .      SeeInvis .    s - +0 hand axe (vamp)
rCold   . . .      Faith    .    (no shield)
rNeg    . . .      Spirit   .    b - +0 leather armour
rPois   .          Reflect  .    (helmet restricted)
rElec   .          Harm     .    f - +0 cloak
rCorr   .          Rampage  .    (no gloves)
Will    .....                    (no boots)
Stlth   +.........               q - amulet of the acrobat
HPRegen 0.17/turn                n - ring of flight
MPRegen 0.10/turn                (no ring)

@: marked, flying
A: hooves 1, horns 1, spiny 1, demonic touch 1
a: no special abilities


You were on level 5 of the Dungeon.
You visited 1 branch of the dungeon, and saw 5 of its levels.

You collected 199 gold pieces.


Innate Abilities, Weirdness & Mutations

You have large cloven feet.
You have a pair of small horns on your head.
You are partially covered in sharp spines.
Your touch may inflict minor irresistible damage on your foes.


   Skills:
 * Level 6.3 Fighting
 + Level 4.6 Axes
 - Level 1.7 Throwing
 - Level 2.6 Dodging


You had 5 spell levels left.
You didn't know any spells.
Your spell library contained the following spells:

 Spells                   Type           Power      Damage    Failure   Level
 Shock                    Conj/Air       0%         1d3       45%         1
 Call Canine Familiar     Summ           0%         N/A       83%         3
 Portal Projectile        Hex/Tloc       0%         N/A       83%         3
 Swiftness                Air            0%         N/A       83%         3
 Airstrike                Air            0%         2d(0-16)  99%         4
 Leda's Liquefaction      Hex/Erth       0%         N/A       99%         4
 Olgreb's Toxic Radiance  Pois           0%         N/A       99%         4
 Ozocubu's Refrigeration  Ice            0%         4d7       100%        7
 Ignition                 Fire           0%         3d3       100%        8

Inventory:

Hand Weapons
 a - a +0 war axe
 s - a +0 vampiric hand axe (weapon)
   (You took it off an orc on level 3 of the Dungeon)
Missiles
 d - 3 throwing nets (quivered)
 e - 5 javelins
Armour
 b - a +0 leather armour (worn)
 f - a +0 cloak (worn)
   (You found it on level 1 of the Dungeon)
Jewellery
 n - a ring of flight (left hand)
   (You found it on level 4 of the Dungeon)
 q - an amulet of the acrobat (around neck)
   (You found it on level 2 of the Dungeon)
Scrolls
 c - 2 scrolls of immolation
 g - a scroll of silence
 j - 2 scrolls of amnesia
 k - 2 scrolls of poison
 l - a scroll of blinking
Potions
 h - a potion of heal wounds {unknown}
 i - 3 potions of curing
 m - a potion of resistance {unknown}
 o - 3 potions of attraction {unknown}
 p - a potion of degeneration {unknown}
 r - a potion of magic {unknown}

Dungeon Overview and Level Annotations

Branches:
Dungeon (5/15) Zot: 26123
 Temple: D:4-7

Altars:
Ashenzari
Cheibriados
Dithmenos
Kikubaaqudgha
Makhleb
Ru
Wu Jian

Shops:
D:3

: ..#.....
o#.#..#..
........#
.#......#
........#
#......#######
#....O........
#@#.#.#..
#........
##)#.#.#..
#)........
#..#.#.#..
#o........
##.###)))####..
#.....o..#####.#
##.........<...#


You could see an ogre, an orc priest and 2 orcs.


Message History

There is a stone staircase leading up here.
k - 2 scrolls of poison (gained 1)
Found a sacrificial altar of Ru.
You now have 181 gold pieces (gained 9).
You now have 199 gold pieces (gained 18).
Key pressed, stopping explore.
There is a stone staircase leading down here.
Key pressed, stopping explore.
You see here a +0 dagger.
Done exploring.
Done exploring.
Done exploring.
Done exploring.
Done exploring.
Done exploring.
You fly up into the air.
n - a ring of flight (left hand)
As you read the scroll labelled SOCKAU YNURI, it crumbles to dust.
The air around you briefly surges with heat, but it dissipates.
It was a scroll of immolation.
Unknown command.
Okay, then.
There is a stone staircase leading down here.
You fly downwards.
There is a stone staircase leading up here. 2 orcs come into view.
There are monsters nearby!
There are monsters nearby!
An orc comes into view. It is wielding a +0 hand axe.
The orc closely misses you.
The orc shouts! x2; You hear a shout!
The orc is struck by your spines. The orc hits you but does no damage.
The orc is struck by your spines. The orc closely misses you.
You hit the orc.
You kill the orc!
You hit the orc.
You kill the orc!
You hit the orc.
The orc hits you with a +0 club. 😕 HP[-2]
You take 2 damage, and now have 50/52 hp.
An orc wizard comes into view. It is wielding a +0 dagger.
The orc completely misses you.
Things that are here:
a +0 trident; a +0 leather armour You closely miss the orc.
You headbutt the orc.
You kill the orc!
An orc comes into view. It is wielding a +0 trident.
The orc wizard pulls the alarm!
The alarm trap emits a blaring wail!
A sentinel's mark forms upon you.
The orc shouts!
You hear a shout! x5; You hear an angry growl.
Something shouts, "Fly, thou mewling hedge-born tinkerer!"
You see here a +0 club. 😕 HP[+1]
An orc comes into view. It is wielding a +0 short sword.
The orc wizard is struck by your spines.
The orc wizard closely misses you.
The orc moves out of view.
Unknown command.
You hit the orc wizard.
You kick the orc wizard, but do no damage.
You headbutt the orc wizard. Your punch misses the orc wizard.
The orc wizard hits you but does no damage.
You closely miss the orc wizard. You headbutt the orc wizard.
You kill the orc wizard!
The orc hits you from afar with a +0 trident! 😕 HP[-8]
You take 8 damage, and now have 43/52 hp.
The orc is struck by your spines. The orc misses you.
Things that are here:
a +0 dagger; a +0 robe You hit the orc but do no damage.
You kick the orc.
You kill the orc!
Unknown command.
You hit the orc.
You feel better.
You kick the orc.
You touch the orc.
You kill the orc! 😕 HP[+2]
You regained 2 hp, and now have 45/52 hp.
Unknown command.
No target in view!
Items here: )) [[.
No target in view!
An ogre comes into view.
It is wielding a +0 giant club. 😕 HP[+1]
An ogre is nearby!
An orc comes into view. It is wielding a +0 flail.
There are monsters nearby!
Unknown command.
You hit the ogre.
You touch the ogre!
The ogre hits you with a +0 giant club!!
Ouch! That really hurt!
* * * LOW HITPOINT WARNING * * *
An orc comes into view. It is wielding a +0 short sword.
An orc priest comes into view. It is wielding a +0 hand axe. 😨 HP[-31]
You take 31 damage, and now have 15/52 hp.
MASSIVE DAMAGE!! (PAUSE)
You hit the ogre but do no damage.
The orc priest mumbles some strange prayers to Beogh against you.
Beogh smites you!
You die...

Skill      XL: |  1  2  3  4  5  6 |
---------------+-------------------+-----
Axes           | 3 4 |  4.6
Fighting       | 3 4 5 6 |  6.3
Throwing       | |  1.7
Dodging        | |  2.6

Action                   |  1- 3 |  4- 6 || total
-------------------------+-------+-------++-------
Melee: War axe           |    73 |    10 ||    83
       Punch             |     1 |       ||     1
       Touch             |     3 |    11 ||    14
       Hand axe          |       |    75 ||    75
       Kick              |       |    15 ||    15
       Headbutt          |       |     7 ||     7
  Use: Scroll            |     3 |     6 ||     9
 Stab: Sleeping          |     2 |       ||     2
Armor: Leather armour    |    21 |    22 ||    43
Dodge: Dodged            |    60 |    75 ||   135

Levels and vault maps discovered:
D:1:      minmay_arrival_four_circles, layout_loops_ring
D:2:      layout_loops_corners, hellmonk_ecumenical_altar_arch_garden
D:3:      layout_loops_corners, minitemple, serial_undead, serial_undead_b,
          serial_undead_d, serial_undead_d, serial_undead_e,
          nicolae_shop_vocational, uniq_natasha, uniq_jessica
D:4:      layout_cave_pools, mainiacjoe_overflow_small_starburst,
          nicolae_dithmenos_shadow_blocks, uniq_eustachio
D:5:      minmay_polygon_palace, layout_loops_ring, minmay_temple_entry_slanted,
          serial_glass, glass_columns_b, glass_columns_c, glass_columns_a,
          glass_columns_b, glass_columns_b, glass_columns_a, glass_columns_b,
          glass_columns_a, glass_columns_c, glass_columns_c, skrybe_limestone_x,
          uniq_blork_the_orc

Notes
Turn   | Place    | Note
-------+----------+-------------------------------------------
     0 | D:1      | ytrimaz the Demonspawn Gladiator began the quest for the
                  | Orb.
     0 | D:1      | Reached XP level 1. HP: 16/16 MP: 1/1
     0 | D:1      | magus.rc [v1.9.6]
   149 | D:1      | You pick up a book of the Hunter and begin reading...
   149 | D:1      | You add the spells Call Canine Familiar, Portal Projectile
                  | and Leda's Liquefaction to your library.
   288 | D:1      | Gained mutation: You are partially covered in sharp spines.
                  | [demonic ancestry]
   288 | D:1      | Reached XP level 2. HP: 21/23 MP: 2/2
   462 | D:1      | Reached skill level 3 in Axes
   642 | D:1      | Reached skill level 3 in Fighting
   806 | D:1      | You feel monstrous as your demonic heritage exerts itself.
   806 | D:1      | Discovered your monstrous ancestry.
   806 | D:1      | Gained mutation: Your touch may inflict minor irresistible
                  | damage on your foes. [demonic ancestry]
   806 | D:1      | Reached XP level 3. HP: 29/29 MP: 3/3
  1097 | D:2      | Found a faded altar of an unknown god.
  1323 | D:2      | You pick up a book of Air and begin reading...
  1323 | D:2      | You add the spells Shock, Swiftness and Airstrike to your
                  | library.
  1778 | D:3      | Reached XP level 4. HP: 30/37 MP: 4/4
  1790 | D:3      | Reached skill level 4 in Fighting
  2197 | D:3      | Found Fyotaoro's Vocational Training.
  2467 | D:3      | Noticed Natasha
  2472 | D:3      | Killed Natasha
  2473 | D:3      | Gained mutation: You have large cloven feet. [demonic
                  | ancestry]
  2473 | D:3      | Reached XP level 5. HP: 33/43 MP: 5/5
  2678 | D:3      | Found a broken altar of Ashenzari.
  2681 | D:3      | Found a burning altar of Makhleb.
  2684 | D:3      | Found an ancient bone altar of Kikubaaqudgha.
  2684 | D:3      | Found a snail-covered altar of Cheibriados.
  2689 | D:3      | You add the spells Olgreb's Toxic Radiance, Ozocubu's
                  | Refrigeration and Ignition to your library.
  2691 | D:3      | Found an ornate altar of the Wu Jian Council.
  2761 | D:3      | Noticed Natasha
  2763 | D:3      | Noticed Jessica
  2770 | D:3      | Killed Jessica
  2771 | D:3      | Killed Natasha
  2772 | D:3      | Reached skill level 5 in Fighting
  2914 | D:3      | Noticed Natasha
  2924 | D:3      | Killed Natasha
  2925 | D:3      | Reached skill level 4 in Axes
  3169 | D:4      | Found a shadowy altar of Dithmenos.
  3239 | D:4      | Noticed Eustachio
  3246 | D:4      | Gained mutation: You have a pair of small horns on your
                  | head. [demonic ancestry]
  3246 | D:4      | Reached XP level 6. HP: 51/51 MP: 6/6
  3260 | D:4      | Killed Eustachio
  3321 | D:4      | Reached skill level 6 in Fighting
  3647 | D:4      | Found a sacrificial altar of Ru.
  3805 | D:5      | Entered Level 5 of the Dungeon
  3832 | D:5      | Killed from afar by an orc priest

Vanquished Creatures
  Eustachio (D:4)
  A scorpion (D:4)
  Jessica (D:3)
  Natasha (thrice) (D:3)
  2 orc wizards
  A hound zombie (D:3)
  4 adders
  An adder skeleton (D:3)
  4 dart slugs
  10 orcs
  5 ball pythons
  7 bats
  6 endoplasms
  4 giant cockroaches
  10 goblins
  3 hobgoblins
  2 quokkas (D:1)
  3 frilled lizards
  8 kobolds
  10 rats
86 creatures vanquished.

Vanquished Creatures (others)
  3 withered plants (D:3)
3 creatures vanquished.

Grand Total: 89 creatures vanquished

Table legend:
 A = Non-vault XP
 B = Vault XP
 C = Vault XP percentage of total XP
 D = Non-vault monster count
 E = Vault monster count
 F = Vault count percentage of total count
                 A         B        C        D         E       F
            +---------+---------+-------+---------+---------+-------
      Total |     419 |     297 |  41.5 |      81 |       5 |   5.8
            +---------+---------+-------+---------+---------+-------
        D:1 |      46 |       0 |   0.0 |      27 |       0 |   0.0
        D:2 |      36 |       0 |   0.0 |      16 |       0 |   0.0
        D:3 |     179 |     100 |  35.8 |      27 |       4 |  12.9
        D:4 |     108 |     197 |  64.6 |       5 |       1 |  16.7
        D:5 |      50 |       0 |   0.0 |       6 |       0 |   0.0
            +---------+---------+-------+---------+---------+-------

Illustrated notes

Table legend:
 A = Kills in this place as a percentage of kills in entire the game.
 B = Kills by you in this place as a percentage of kills by you in the entire game.
 C = Kills by friends in this place as a percentage of kills by friends in the entire game.
 D = Other kills in this place as a percentage of other kills in the entire game.
 E = Experience gained in this place as a percentage of experience gained in the entire game.
 F = Experience gained in this place divided by the number of levels of this place that you have seen.
                   A       B       C       D       E      F
               +-------+-------+-------+-------+-------+----------------------
         Total | 100.0 | 100.0 |   N/A |   N/A | 100.0 | 143.2
       Dungeon | 100.0 | 100.0 |   N/A |   N/A | 100.0 | 143.2
               +-------+-------+-------+-------+-------+----------------------

Table legend: (Time is in decaauts)
 A = Elapsed time spent in this place.
 B = Non-inter-level travel time spent in this place.
 C = Inter-level travel time spent in this place.
 D = Time resting spent in this place.
 E = Time spent auto-exploring this place.
 F = Levels seen in this place.
 G = Mean time per level.
                   A        B        C        D        E       F      G
               +--------+--------+--------+--------+--------+-----+--------+
         Total |   3876 |   3844 |     32 |      0 |   3232 |   5 |  775.2 |
       Dungeon |   3876 |   3844 |     32 |      0 |   3232 |   5 |  775.2 |
               +--------+--------+--------+--------+--------+-----+--------+

Top non-repeatable levels by time:
     D:3: 1424 daAuts
     D:1: 947 daAuts
     D:2: 774 daAuts
     D:4: 702 daAuts
     D:5: 27 daAuts
